 Seeded DCSS version 0.30.1-4-g462c640d31 (webtiles) character file.

Game seed: 6351066067085065685 (custom seed)

156 Esekla the Magician (level 5, -2/28 HPs)
             Began as a Deep Elf Wanderer on Sept 15, 2023.
             Was a Follower of Vehumet.
             Slain by a black bear (6 damage)
             ... on level 2 of the Dungeon.
             The game lasted 00:16:01 (2547 turns).

Esekla the Magician (Deep Elf Wanderer)             Turns: 2547, Time: 00:16:02

Health: -2/28      AC:  4    Str: 11    XL:     5   Next: 14%
Magic:  3/15       EV: 11    Int: 20    God:    Vehumet [*.....]
Gold:   186        SH:  4    Dex: 11    Spells: 4/15 levels left

rFire   . . .        a - +1 short sword (freeze)
rCold   . . .        d - +0 buckler
rNeg    . . .        c - +0 robe
rPois   .            l - +0 helmet
rElec   .            (no cloak)
rCorr   .            k - +0 pair of gloves
SInv    .            (no boots)
Will    .....        (no amulet)
Stlth   ++           (no ring)
HPRegen 0.24/turn    (no ring)
MPRegen 0.14/turn

%: no passive effects
@: no status effects
A: no striking features
a: Renounce Religion


You were on level 2 of the Dungeon.
You worshipped Vehumet.
Vehumet was aware of your devotion.
You visited 1 branch of the dungeon, and saw 4 of its levels.

You collected 186 gold pieces.

Inventory:

Hand Weapons
 a - a +1 short sword of freezing (weapon)
 r - a +0 spear
 s - the +5 rapier of the Hero {heavy, rN+ Dex+3}
   (You found it on level 3 of the Dungeon)

   Dex:       It affects your dexterity (+3).
   rN:        It protects you from negative energy.
Missiles
 x - 3 poisoned darts (quivered)
Armour
 c - a +0 robe (worn)
 d - a +0 buckler (worn)
 k - a +0 pair of gloves (worn)
 l - a +0 helmet (worn)
Wands
 p - a wand of roots (9)
Scrolls
 f - a scroll of fear {unknown}
 g - 3 scrolls of identify {unknown}
 n - a scroll of amnesia {unknown}
 o - a scroll of immolation {unknown}
 u - a scroll of fog {unknown}
 v - a scroll of enchant armour {unknown}
 w - a scroll of blinking {unknown}
Potions
 b - a potion of lignification
 e - a potion of ambrosia {unknown}
 h - a potion of heal wounds {unknown}
 i - 2 potions of attraction {unknown}
 j - 2 potions of curing {unknown}
 m - a potion of mutation {unknown}
 q - a potion of haste {unknown}
 t - 2 potions of brilliance {unknown}


   Skills:
 + Level 0.9 Short Blades
 * Level 1.5 Dodging
 + Level 1.5 Stealth
 * Level 1.7 Shields
 * Level 5.5 Spellcasting
 + Level 0.5 Conjurations
 * Level 3.0 Necromancy
 + Level 3.2 Translocations
 + Level 1.0 Invocations


You had 4 spell levels left.
You knew the following spells:

 Your Spells              Type           Power      Damage    Failure   Level
a - Magic Dart            Conj           28%        1d4       13%         1
b - Blink                 Tloc           36%        N/A       6%          2
d - Vampiric Draining     Necr           17%        2d7       14%         3
e - Freeze                Ice            20%        1d4       16%         1
p - Apportation           Tloc           36%        N/A       4%          1
t - Teleport Other        Tloc           18%        N/A       13%         3

Your spell library contained the following spells:

 Spells                   Type           Power      Damage    Failure   Level
 Lesser Beckoning         Tloc           36%        N/A       6%          2
 Gell's Gravitas          Tloc           18%        N/A       13%         3
 Ignite Poison            Fire/Tmut/Pois 5%         N/A       43%         3


Dungeon Overview and Level Annotations

Branches:
Dungeon (4/15)
 Temple: D:4-7

Altars:
Hepliaklqana
Okawaru
Qazlal
Trog
Vehumet
Zin

Shops:
D:2 =


Message History

Casting: Magic Dart (safe; 13% risk of failure)
Confirm with . or Enter, or press ? or * to list all spells.
The spell is quite dangerous to miscast (14% risk of failure)!
Continue anyway?
Aiming: Vampiric Draining (quite dangerous; 14% risk of failure)
Press: ? - help, Shift-Dir - straight line, f/p - black bear
Aim: a black bear (moderately wounded)
You draw life force from the black bear!
You feel life coursing into your body. You block the black bear's attack.
The black bear claws you.
The black bear claws you but does no damage.
Casting: Vampiric Draining (quite dangerous; 14% risk of failure)
Confirm with . or Enter, or press ? or * to list all spells.
The spell is quite dangerous to miscast (14% risk of failure)!
Continue anyway?
Aiming: Vampiric Draining (quite dangerous; 14% risk of failure)
Press: ? - help, Shift-Dir - straight line, f/p - black bear
Aim: a black bear (severely wounded)
You draw life force from the black bear.
You feel life coursing into your body.
The black bear goes berserk!
Casting: Vampiric Draining (quite dangerous; 14% risk of failure)
Confirm with . or Enter, or press ? or * to list all spells.
The spell is quite dangerous to miscast (14% risk of failure)!
Continue anyway?
Aiming: Vampiric Draining (quite dangerous; 14% risk of failure)
Press: ? - help, Shift-Dir - straight line, f/p - black bear
Aim: a black bear (severely wounded, berserk)
You draw life force from the black bear.
You feel life coursing into your body. The black bear bites you!
The black bear claws you. The black bear misses you.
Casting: Vampiric Draining (quite dangerous; 14% risk of failure)
Confirm with . or Enter, or press ? or * to list all spells.
The spell is quite dangerous to miscast (14% risk of failure)!
Continue anyway?
Aiming: Vampiric Draining (quite dangerous; 14% risk of failure)
Press: ? - help, Shift-Dir - straight line, f/p - black bear
Aim: a black bear (almost dead, berserk)
You draw life force from the black bear!
You feel life coursing into your body. The black bear bites you!
* * * LOW HITPOINT WARNING * * *
The black bear closely misses you.
The black bear claws you but does no damage.
The black bear bites you.
You die...

..............# #.#
###.#...####..# #.#
#.##........# #.# #.##..#####.#
#.# #.##..#####.### #.#
###.##<.........# #.#
....##........).# ########.#
###.##.######.#.####..........#
.....#..........@h...##########
####.########.#.######
8.8#....# #.#.# ###
.).###8.#####.#.# #..
._...+........#.# #.#
...###8.#.#####.# #.#
8.8#......# #.# #.# ####.....##
#.####.### ......####
#.##.....###


You could see a black bear (berserk).

Vanquished Creatures
  A hound (D:3)
  An iguana (D:2)
  2 gnolls (D:1)
  3 adders
  2 dart slugs
  3 orcs (D:3)
  4 bats
  4 endoplasms
  8 goblins
  4 hobgoblins
  A quokka (D:1)
  6 ball pythons
  4 frilled lizards
  5 kobolds
  A rat (D:2)
49 creatures vanquished.

Notes
Turn   | Place    | Note
-------+----------+-------------------------------------------
     0 | D:1      | Esekla the Deep Elf Wanderer began the quest for the Orb.
     0 | D:1      | Esekla set off with the following items: a +0 club, a
                  | potion of lignification, a +0 robe, a +0 buckler; and the
                  | following spells available to memorise: Apportation, Blink,
                  | Lesser Beckoning, Magic Dart, Ignite Poison, Vampiric
                  | Draining.
     0 | D:1      | Reached XP level 1. HP: 10/10 MP: 7/7
     2 | D:1      | Learned a level 1 spell: Magic Dart
     4 | D:1      | Learned a level 1 spell: Apportation
   338 | D:4      | Found a radiant altar of Vehumet.
   349 | D:4      | Found an iron altar of Okawaru.
   358 | D:4      | Found a glowing silver altar of Zin.
   443 | D:4      | Became a worshipper of Vehumet
   603 | D:3      | Reached XP level 2. HP: 11/15 MP: 1/9
   607 | D:3      | Learned a level 2 spell: Blink
   792 | D:3      | Identified the +5 rapier of the Hero {heavy, rN+ Dex+3}
   809 | D:2      | Reached skill level 1 in Necromancy
   810 | D:2      | Found Renulab's Jewellery Shop.
  1063 | D:3      | Found a stormy altar of Qazlal.
  1116 | D:3      | Reached XP level 3. HP: 16/19 MP: 8/11
  1120 | D:3      | Learned a level 3 spell: Vampiric Draining
  1285 | D:1      | Reached skill level 1 in Dodging
  1372 | D:1      | Reached * piety under Vehumet
  1372 | D:1      | Offered knowledge of Freeze by Vehumet.
  1375 | D:1      | Learned a level 1 spell: Freeze
  1548 | D:1      | Reached skill level 5 in Spellcasting
  1732 | D:2      | Noticed a black bear
  1833 | D:1      | Reached XP level 4. HP: 24/24 MP: 13/13
  1837 | D:1      | Learned a level 3 spell: Teleport Other
  1956 | D:2      | Found a faded altar of an unknown god.
  2356 | D:3      | Found a hazy altar of Hepliaklqana.
  2358 | D:3      | Found a bloodstained altar of Trog.
  2371 | D:3      | Reached XP level 5. HP: 23/28 MP: 6/15
  2547 | D:2      | Slain by a black bear

Illustrated notes

Levels and vault maps discovered:
D:1:      sevenhm_arrival_forest_fort_small_3, layout_rooms,
          chequers_serial_rivers_room_b, minmay_misc_feat_five
D:2:      layout_loops_ring, dreamdust_ecumenical_altar_angels_and_demons,
          serial_shops, shop
D:3:      layout_basic, grunt_temple_overflow_open, minmay_misc_feat_iff
D:4:      layout_basic, nicolae_overflow_quartered_altars, serial_shops,
          nicolae_diamond_shop

Skill      XL: |  1  2  3  4 |
---------------+-------------+-----
Necromancy     | 1 2 3 |  3.0
Dodging        | 1 |  1.5
Spellcasting   | 5 |  5.5
Translocations | 3 |  3.2
Short Blades   | |  0.9
Stealth        | |  1.5
Shields        | |  1.7
Conjurations   | |  0.5
Invocations    | |  1.0

Action                     |  1- 3 |  4- 6 || total
---------------------------+-------+-------++-------
  Melee: Short sword       |    67 |    31 ||    98
  Throw: Dart              |       |     3 ||     3
   Cast: Apportation       |    35 |       ||    35
         Magic Dart        |    44 |    11 ||    55
         Vampiric Draining |     2 |     9 ||    11
         Blink             |     2 |       ||     2
   Stab: Sleeping          |     3 |       ||     3
         Distracted        |     1 |       ||     1
 Armour: Robe              |    36 |    10 ||    46
  Dodge: Dodged            |    54 |    22 ||    76
  Block: Buckler           |    16 |     6 ||    22
